AoeStats
← muelaluis19

Arabia

510648627Analyzed
2v2 RM · 15h ago on Oct 2, 2026· 68m 22s· 4 players
Game mode
Random Map
Map size
Medium (4 player)
Population
200
Speed
Normal
Resources
Standard
Victory
Conquest
Starting age
Dark Age
Ending age
Imperial Age
RankedLock teamsTeams togetherTeam positionsShared explorationLock speedFull tech treeHidden civsTurbo modeCheats
Victory
Defeat
🇺🇸 Danes · United States
766
+20
🇺🇸 Sicilians · United States
692
+19
🇲🇽 Persians · Mexico
751
-17
🇵🇪 Bulgarians · Peru
741
-17
stretch gibson
12:18 Feudal Age
18:28 Forging
23:35 Castle Age
22:02 Double-Bit Axe
22:56 Scale Mail Armor
23:53 Stone Mining
25:00 Horse Collar
26:07 Stone Shaft Mining
26:29 Gold Mining
27:00 Bow Saw
27:31 Iron Casting
27:13 Chain Mail Armor
27:13 Scale Barding Armor
30:52 Wheelbarrow
31:13 Gold Shaft Mining
31:29 Chain Barding Armor
37:58 Imperial Age
37:11 Heavy Plow
38:46 Hand Cart
37:58 Elite Serjeant
45:32 Blast Furnace
45:03 Plate Mail Armor
48:41 Siege Engineers
50:37 First Crusade
51:05 Cavalier
52:23 Plate Barding Armor
52:52 Pikeman
53:35 Halberdier
mikey
12:05 Feudal Age
13:30 Double-Bit Axe
14:55 Horse Collar
16:27 Fletching
16:37 Padded Archer Armor
16:47 Forging
16:38 Scale Mail Armor
18:06 Arson
17:46 Man-at-Arms
20:44 Gold Mining
26:04 Castle Age
24:06 Town Watch
26:27 Stone Mining
26:44 Bodkin Arrow
27:04 Leather Archer Armor
27:25 Iron Casting
27:05 Chain Mail Armor
27:49 Chain Mail Armor
27:59 Ballistics
29:42 Bow Saw
29:42 Heavy Plow
31:07 Crossbowman
36:52 Thumb Ring
39:23 Imperial Age
38:07 Gold Shaft Mining
38:16 Stone Shaft Mining
38:22 Wheelbarrow
39:12 Long Swordsman
39:12 Pikeman
39:42 Gambesons
41:46 Blast Furnace
41:17 Plate Mail Armor
41:02 Bracer
41:33 Ring Archer Armor
43:06 Two-Handed Swordsman
44:41 Champion
46:43 Elite Jomsviking
57:59 Pikeman
58:40 Squires
58:34 Elite Skirmisher
58:44 Halberdier
63:37 Conscription
muelaluis19
10:01 Feudal Age
10:34 Loom
19:34 Double-Bit Axe
19:32 Horse Collar
22:01 Castle Age
20:44 Double-Bit Axe
24:14 Bow Saw
26:34 Heavy Plow
28:41 Kamandaran
33:57 Padded Archer Armor
34:13 Husbandry
35:37 Wheelbarrow
38:32 Imperial Age
38:25 Crossbowman
43:06 Two-Man Saw
42:36 Ballistics
43:17 Chemistry
43:43 Crop Rotation
43:43 Thumb Ring
44:21 Elite War Elephant
45:26 Leather Archer Armor
45:02 Fletching
45:26 Gold Mining
45:26 Stone Mining
45:53 Fervor
46:58 Conscription
48:07 Cavalier
51:38 Ring Archer Armor
51:03 Bodkin Arrow
64:08 Gold Shaft Mining
64:09 Stone Shaft Mining
Patt
11:35 Feudal Age
16:57 Double-Bit Axe
19:39 Arson
19:57 Gold Mining
19:58 Stone Mining
24:21 Castle Age
25:09 Scale Mail Armor
25:20 Forging
26:23 Chain Mail Armor
26:43 Iron Casting
25:40 Pikeman
26:20 Squires
26:07 Gambesons
27:20 Squires
33:20 Imperial Age
33:35 Capped Ram
35:31 Siege Ram
36:40 Horse Collar
38:55 Halberdier
48:30 Plate Mail Armor
49:00 Blast Furnace
Connection lost

Rejoining the realm…

Still unreachable

The connection could not be restored.

Session expired

The server has moved on; the page needs a fresh start.